 Dungeon Crawl Stone Soup version bcrawl-1.20.1 (webtiles) character file.

Game seed: 7077036742420206215

11471 bworf the Basher (level 11, -5/127 HPs)
             Began as an Ogre Hunter on Jan 25, 2020.
             Was a High Priest of Okawaru.
             Slain by a cane toad (9 damage)
             ... on level 8 of the Dungeon.
             The game lasted 00:52:03 (14937 turns).

bworf the Basher (Ogre Hunter)                     Turns: 14937, Time: 00:52:04

Health: -5/127     AC:  7    Str: 18    XL:     11   Next: 78%
Magic:  0/13       EV:  5    Int: 15    God:    Okawaru [*****.]
Gold:   709        SH: 11    Dex: 12    Spells: 10/10 levels left

rFire    . . .     SeeInvis .   y - +11 mace "Qusemuko" {crush, Dex+3}
rCold    . . .     Gourm    .   a - +0 large shield (curse)
rNeg     . . .     Faith    .   b - +0 robe
rPois    +         Spirit   +   (helmet restricted)
rElec    .         Reflect  .   B - +0 cloak
rCorr    .         Harm     .   (gloves unavailable)
MR       +....                  (boots unavailable)
Stlth    +.........             F - amulet of guardian spirit
HPRegen  0.31/turn              K - +3 ring of protection
MPRegen  0.13/turn              J - ring of poison resistance

@: lethally poisoned (-5 -> -7)
A: large, unfitting armour, tough skin 1
a: Heroism, Finesse, Renounce Religion


You were on level 8 of the Dungeon.
You worshipped Okawaru.
Okawaru was extremely pleased with you.
You were not hungry.

You visited 3 branches of the dungeon, and saw 12 of its levels.

You collected 709 gold pieces.

Inventory:

Hand Weapons
 y - the +11 mace "Qusemuko" (weapon) {crush, Dex+3}
   (You found it on level 4 of the Dungeon)

   It inflicts extra damage upon your enemies.
   It affects your dexterity (+3).
 D - a +2 antimagic dire flail
 H - a +2 spear of piercing
 I - a +0 giant spiked club
 M - a +2 short sword of venom
Missiles
 c - 408 large rocks
 d - 2 throwing nets {!f}
 g - 98 silver javelins
 j - 113 steel javelins
 l - 1567 stones
 n - 93 poisoned needles
 u - 74 javelins (quivered)
 x - 68 tomahawks
Armour
 a - a cursed +0 large shield (worn)
 b - a +0 robe (worn)
 B - a +0 cloak (worn)
 O - +0 acid dragon scales
Jewellery
 F - an amulet of guardian spirit (around neck)
 J - a ring of poison resistance (right hand)
 K - a +3 ring of protection (left hand)
Scrolls
 h - a scroll of identify
 i - 5 scrolls of remove curse
 m - 3 scrolls of immolation
 o - 6 scrolls of teleportation
 z - 3 scrolls of blinking {unknown}
 C - 2 scrolls of fear {unknown}
 G - a scroll of amnesia {unknown}
 L - a scroll of vulnerability {unknown}
Potions
 f - a potion of agility
 k - a potion of might
 p - 3 potions of curing
 q - a potion of resistance {unknown}
 r - 2 potions of degeneration {unknown}
 s - 3 potions of flight
 t - 3 potions of lignification {unknown}
 v - 3 potions of haste {unknown}
 w - a potion of heal wounds
 A - a potion of mutation {unknown}
 E - a potion of cancellation {unknown}
Comestibles
 e - 12 rations {!d}
 N - a chunk of flesh


   Skills:
 * Level 13.2 Fighting
 - Level 14.0 Maces & Flails
 * Level 9.4 Throwing
 - Level 1.7 Dodging
 - Level 0.7 Stealth
 - Level 3.2 Invocations


You had 10 spell levels left.
You didn't know any spells.
Your spell library contained the following spells:

 Spells                   Type           Power        Failure   Level  Hunger
 Magic Dart               Conj           #...         100%        1    ##.....
 Shock                    Conj/Air       #....        100%        1    ##.....
 Sting                    Conj/Pois      #...         100%        1    ##.....
 Searing Ray              Conj           #.......     100%        2    ###....
 Swiftness                Chrm/Air       #.......     100%        2    ###....
 Iskenderun's Mystic Bla  Conj           #.......     100%        3    ####...
 Mephitic Cloud           Conj/Pois/Air  #.......     100%        3    ####...
 Fulminant Prism          Conj/Hex       #.........   100%        4    #####..
 Olgreb's Toxic Radiance  Pois           #.......     100%        4    #####..
 Summon Scorpions         Summ/Pois      #.......     100%        4    #####..
 Irradiate                Conj/Tmut      #.........   100%        5    ######.
 Iskenderun's Battlesphe  Conj/Chrm      #.......     100%        5    ######.
 Lightning Bolt           Conj/Air       #.........   100%        5    ######.
 Iron Shot                Conj/Erth      #.........   100%        6    #######
 Poison Arrow             Conj/Pois      #.........   100%        6    #######
 Orb of Destruction       Conj           #.........   100%        7    #######
 Spellforged Servitor     Conj/Summ      #.........   100%        7    #######


Dungeon Overview and Level Annotations

Branches:
Dungeon (10/12)            Temple (1/1) D:4            Lair (1/6) D:8
    Orc: D:8-11

Altars:
Ashenzari
Cheibriados
Dithmenos
Elyvilon
Fedhas
Gozag
Hepliaklqana
Kikubaaqudgha
Lugonu
Makhleb
Nemelex Xobeh
Okawaru
Qazlal
Ru
Sif Muna
Trog
Uskayaw
Vehumet
Wu Jian
Xom
Yredelemnul
Zin
The Shining One
Beogh

Shops:
D:5 *   D:6 =   D:8 [

Annotations:
D:4 3 runed translucent doors, ilikeclowns's ghost, amateur MiAc
D:5 fly?
D:10 Grum


Innate Abilities, Weirdness & Mutations

You are too large for most types of armour.
You have tough skin. (AC +1)


Message History

The wolf is moderately wounded.
The wolf bites you but does no damage. The cane toad hits you.
* * * LOW HITPOINT WARNING * * *
You block the wolf's attack. x2
You sock the wolf!
The wolf is severely wounded.
You feel sick. You block the wolf's attack. The cane toad hits you!
* * * LOW HITPOINT WARNING * * *
The wolf bites you.
* * * LOW HITPOINT WARNING * * *
You block the wolf's attack.
You feel sick. The wolf bites you but does no damage. The wolf bites you.
* * * LOW HITPOINT WARNING * * *
You block the cane toad's attack.
You feel sick. The wolf bites you.
* * * LOW HITPOINT WARNING * * *
You feel sick. The wolf closely misses you.
The wolf bites you but does no damage. You block the wolf's attack.
You feel sick. The cane toad hits you!
You die...

#..........##..................
#..........#..........#........
###..#######.##.....#...#......
##..###....##.#####.>.#......
##..##.#####.[.###)[.#......
##.##.# ##...?.[..........
#.##.# #hh#>###..##......
#.##.# #F##.###.###......
#..#.# #@##.#...#........
#####.#.####.##.#.#...####...
#...................######...
#.......####.................
#.......####.##.##########...
#...................# ###.#.
#.......###.........# #.....
#.......# #.........# #.#..#
#.......# ####..########....#


You could see a cane toad and 2 wolves.

Vanquished Creatures
  Psyche (D:9)
  A centaur warrior (D:8)
  Nergalle (D:9)
  A cyclops (D:9)
  An ugly thing (D:10)
  A centaur zombie (D:9)
  A komodo dragon (D:9)
  2 trolls (D:6)
  Prince Ribbit (D:7)
  2 hippogriffs
  7 yaks (D:8)
  A basilisk (D:9)
  2 crocodiles
  A water moccasin (D:9)
  An acid dragon (D:10)
  3 sky beasts
  Purgy (D:4)
  3 ice beasts
  5 ogres
  An orc warrior (D:9)
  A phantom (D:9)
  A necrophage (D:9)
  2 wolves
  2 black bears (D:8)
  A centaur (D:6)
  4 bullfrogs
  Blork the orc (D:5)
  2 big kobolds
  A water moccasin zombie (D:7)
  A wyvern skeleton (D:6)
  5 scorpions
  16 killer bees
  3 howler monkeys
  3 vampire bats (D:5)
  4 crimson imps
  2 bullfrog zombies
  13 orc priests
  5 hounds
  Crazy Yiuf (D:4)
  A bullfrog skeleton (D:7)
  10 orc wizards
  3 centaur skeletons
  5 iguanas
  13 worker ants
  A hound skeleton (D:7)
  A worker ant zombie (D:7)
  7 adders
  4 gnolls (D:7)
  An ooze (D:4)
  3 adder zombies
  5 worms
  A dart slug (D:3)
  4 leopard geckos
  28 orcs
  6 bats (D:5)
  2 giant cockroaches
  3 goblins
  10 hobgoblins
  5 jackals
  A quokka (D:6)
  5 frilled lizards
  15 kobolds
  3 rats
242 creatures vanquished.

Notes
Turn   | Place    | Note
-------+----------+-------------------------------------------
     0 | D:1      | bworf the Ogre Hunter began the quest for the Orb.
     0 | D:1      | Reached XP level 1. HP: 22/22 MP: 1/1
   265 | D:1      | Reached XP level 2. HP: 10/31 MP: 2/2
  1363 | D:2      | Reached XP level 3. HP: 38/40 MP: 3/3
  1391 | D:2      | Found a stormy altar of Qazlal.
  1898 | D:2      | Reached skill level 5 in Fighting
  1954 | D:2      | Found a faded altar of an unknown god.
  2716 | D:3      | Reached skill level 2 in Maces & Flails
  2716 | D:3      | Reached XP level 4. HP: 41/50 MP: 4/4
  3249 | D:4      | Found a blossoming altar of Fedhas.
  3649 | D:4      | Reached skill level 3 in Maces & Flails
  3649 | D:4      | Reached XP level 5. HP: 57/57 MP: 5/5
  4075 | D:4      | Found a runed translucent gate.
  4075 | D:4      | Found a runed translucent gate.
  4077 | D:4      | Identified the +4 chain mail of the Ecumenical Temple {rC++
                  | rCorr Str-5 Dex+3}
  4079 | D:4      | Got a shimmering mace
  4080 | D:4      | Identified the +11 mace "Qusemuko" {crush, Dex+3} (You
                  | found it on level 4 of the Dungeon)
  4081 | D:4      | Found a runed translucent gate.
  4081 | D:4      | Noticed ilikeclowns's ghost (amateur MiAc)
  4092 | D:4      | Reached skill level 4 in Maces & Flails
  4170 | D:4      | Noticed Purgy
  4281 | D:4      | Noticed a sky beast
  4287 | D:4      | Killed a sky beast
  4287 | D:4      | Reached skill level 5 in Maces & Flails
  4287 | D:4      | Reached XP level 6. HP: 66/66 MP: 6/6
  4310 | D:4      | Found a staircase to the Ecumenical Temple.
  4322 | Temple   | Entered the Ecumenical Temple
  4434 | Temple   | Became a worshipper of Warmaster Okawaru
  4707 | D:4      | Reached skill level 6 in Maces & Flails
  4760 | D:4      | Killed Purgy
  4828 | D:4      | Found a runed door.
  4876 | D:4      | Found a roughly hewn altar of Beogh.
  4942 | D:4      | Noticed Crazy Yiuf
  4948 | D:4      | Killed Crazy Yiuf
  4948 | D:4      | Reached skill level 7 in Maces & Flails
  4948 | D:4      | Reached XP level 7. HP: 51/72 MP: 7/7
  5056 | D:5      | Entered Level 5 of the Dungeon
  5056 | D:5      | Found an ancient bone altar of Kikubaaqudgha.
  5056 | D:5      | Found a white marble altar of Elyvilon.
  5056 | D:5      | Found a sparkling altar of Nemelex Xobeh.
  5154 | D:5      | Found a sacrificial altar of Ru.
  5217 | D:5      | Reached skill level 8 in Maces & Flails
  5844 | D:4      | Reached * piety under Okawaru
  5844 | D:4      | Reached skill level 9 in Maces & Flails
  5923 | D:5      | Reached XP level 8. HP: 61/81 MP: 8/8
  6141 | D:5      | Reached skill level 10 in Maces & Flails
  6253 | D:5      | Noticed Blork the orc
  6383 | D:5      | Killed Blork the orc
  6400 | D:5      | Found a shimmering blue altar of Sif Muna.
  6500 | D:5      | Found Somitt's Lightly-Used Armoury.
  6620 | D:5      | Reached skill level 11 in Maces & Flails
  7043 | D:5      | Reached ** piety under Okawaru
  7278 | D:6      | Noticed a troll
  7316 | D:6      | Noticed a hippogriff
  7684 | D:6      | Killed a troll
  7684 | D:6      | Reached XP level 9. HP: 57/89 MP: 11/11
  7920 | D:6      | Found Gacvuy's Jewellery Boutique.
  7995 | D:6      | Found a sparkling altar of Nemelex Xobeh.
  8293 | D:6      | Reached *** piety under Okawaru
  8547 | D:6      | Found a corrupted altar of Lugonu.
  8720 | D:7      | Reached skill level 5 in Throwing
  8770 | D:7      | Reached skill level 12 in Maces & Flails
  9070 | D:7      | Noticed Prince Ribbit
  9442 | D:7      | Received a gift from Okawaru
  9688 | D:7      | Noticed a troll
  9702 | D:6      | Killed a troll
  9702 | D:6      | Reached XP level 10. HP: 16/107 MP: 3/12
 10367 | D:6      | Reached **** piety under Okawaru
 10554 | D:7      | Received a gift from Okawaru
 10829 | D:7      | Reached skill level 10 in Fighting
 10840 | D:7      | Killed Prince Ribbit
 11095 | D:7      | HP: 3/111 [killer bee (9)]
 11694 | D:8      | Noticed a centaur warrior
 11885 | D:8      | Received a gift from Okawaru
 12056 | D:8      | Found a staircase to the Lair.
 12215 | D:8      | Reached skill level 13 in Maces & Flails
 12440 | D:8      | Found Govelem's Armour Shop.
 12468 | D:8      | Killed a centaur warrior
 12468 | D:8      | Reached ***** piety under Okawaru
 12468 | D:8      | Received a gift from Okawaru
 12588 | D:8      | Reached XP level 11. HP: 123/123 MP: 13/13
 12932 | D:9      | Received a gift from Okawaru
 13573 | D:9      | Noticed Psyche
 13616 | D:9      | Noticed Nergalle
 13710 | D:9      | Killed Nergalle
 13856 | D:9      | Identified Ecai's Disquisition on Cloudy Poison
 14141 | D:9      | Found a shadowy altar of Dithmenos.
 14151 | D:9      | Killed Psyche
 14360 | D:9      | Noticed a cyclops
 14388 | D:9      | Killed a cyclops
 14677 | D:10     | Entered Level 10 of the Dungeon
 14709 | D:10     | Reached skill level 14 in Maces & Flails
 14736 | D:10     | Noticed a two-headed ogre
 14737 | D:10     | Noticed Grum
 14804 | D:10     | Noticed a purple ugly thing
 14813 | D:10     | Killed a purple ugly thing
 14813 | D:10     | Received a gift from Okawaru
 14914 | Lair:1   | Entered Level 1 of the Lair of Beasts
 14934 | D:8      | HP: 5/127 [wolf (5)]
 14937 | D:8      | Slain by a cane toad

Skill      XL: |  1  2  3  4  5  6  7  8  9 10 11 |
---------------+----------------------------------+-----
Fighting       | 3 4 5 6 9 11 13 | 13.2
Maces & Flails | 2 3 5 7 9 11 12 13 14 | 14.0
Invocations    | 3 |  3.2
Throwing       | 6 7 9 |  9.4
Dodging        | |  1.7
Stealth        | |  0.7

Action                   |  1- 3 |  4- 6 |  7- 9 | 10-12 || total
-------------------------+-------+-------+-------+-------++-------
Melee: Short sword       |   121 |       |       |       ||   121
       Mace              |    17 |   125 |   210 |   338 ||   690
Throw: Stone             |    51 |    47 |    51 |       ||   149
       Large rock        |     2 |     3 |       |       ||     5
       Javelin           |     5 |     8 |     7 |    12 ||    32
       Tomahawk          |       |       |    23 |    18 ||    41
Invok: Heroism           |       |       |     1 |     4 ||     5
  Use: Potion            |       |     4 |       |       ||     4
       Scroll            |       |       |       |     5 ||     5
 Stab: Sleeping          |       |     1 |     1 |       ||     2
  Eat: Chunk             |     5 |     7 |    12 |    14 ||    38
       Ration            |       |       |     1 |     1 ||     2
Armor: Robe              |    35 |    25 |    32 |    93 ||   185
Dodge: Dodged            |    59 |    51 |    34 |    64 ||   208
Block: Large shield      |       |    19 |    85 |   208 ||   312
